 Dungeon Crawl Stone Soup version 0.27.1-34-g3ba077fa99 (webtiles) character file.

Game seed: 7003124626060772415

549 zeram the Shield-Bearer (level 7, -3/61 HPs)
             Began as a Gargoyle Fighter on Jan 23, 2022.
             Slain by a killer bee (5 damage)
             ... on level 5 of the Dungeon on Jan 24, 2022.
             The game lasted 00:06:54 (4877 turns).

zeram the Shield-Bearer (Gargoyle Fighter)          Turns: 4877, Time: 00:06:54

Health: -3/61      AC: 23    Str: 21    XL:     7   Next: 28%
Magic:  7/7        EV:  2    Int: 15    God:
Gold:   281        SH: 10    Dex:  9    Spells: 6/6 levels left

rFire    . . .     SeeInvis .   a - +0 flail
rCold    . . .     Faith    .   c - +0 kite shield
rNeg     + + +     Spirit   .   (armour currently unavailable)
rPois    ∞         Reflect  .   (helmet currently unavailable)
rElec    .         Harm     .   (cloak currently unavailable)
rCorr    .         Rampage  .   (gloves currently unavailable)
Will     +....     NoTele   +   (boots currently unavailable)
Stlth    +.........             (no amulet)
HPRegen  0.20/turn              m - ring of willpower
MPRegen  0.10/turn              n - +6 ring of intelligence

@: tree-form, hasted (expiring), very quick
A: stationary, stasis, torment immunity, boosted hp, sickness immunity, AC +4,
negative energy resistance 1, (electricity resistance), torment resistance 1,
petrification resistance
a: no special abilities


You were on level 5 of the Dungeon.
You were a tree.
You visited 1 branch of the dungeon, and saw 5 of its levels.

You collected 281 gold pieces.

Inventory:

Hand Weapons
 a - a +0 flail (weapon)
Missiles
 e - a curare-tipped dart (quivered)
Armour
 b - a +0 scale mail (melded)
 c - a +0 kite shield (worn)
Jewellery
 l - an amulet of faith
 m - a ring of willpower (left branch)
 n - a +6 ring of intelligence (right branch)
Scrolls
 k - a scroll of vulnerability {unknown}
Potions
 h - a potion of mutation
 o - a potion of flight {unknown}


   Skills:
 - Level 3.2 Fighting
 + Level 4.8 Maces & Flails
 + Level 5.3 Armour
 + Level 1.7 Dodging
 + Level 5.4 Shields


You had 6 spell levels left.
You didn't know any spells.
Your spell library contained the following spells:

 Spells                   Type           Power      Damage    Failure   Level
 Slow                     Hex            0%         N/A       80%         2
 Confusing Touch          Hex            0%         N/A       95%         3
 Vampiric Draining        Necr           0%         2d6       95%         3


Dungeon Overview and Level Annotations

Branches:
Dungeon (5/15)
 Temple: D:4-7

Altars:
Nemelex Xobeh
Wu Jian


Innate Abilities, Weirdness & Mutations

You are a tree.
Your roots penetrate the ground, keeping you stationary.
You cannot be teleported.
You are immune to unholy pain and torment.
Your maximum health is greatly increased.
Your equipment is partially melded.
You are immune to sickness and miasma.
((Your stone body is resilient. (AC +4)))
You are immune to poison.
You resist negative energy. (rN+)
((You are resistant to electric shocks. (rElec)))
You are resistant to unholy torment.
You are immune to petrification.


Message History

You closely miss the killer bee.
The killer bee is almost dead.
You block the killer bee's attack. The killer bee closely misses you.
It was a potion of lignification.
You turn into a tree.
Your +0 scale mail melds into your body.
Your roots penetrate the ground.
The killer bee stings you.
* * * LOW HITPOINT WARNING * * *
You miss the killer bee.
The killer bee is almost dead.
The killer bee stings you but does no damage. x2
You miss the killer bee.
The killer bee is almost dead.
The killer bee stings you.
* * * LOW HITPOINT WARNING * * *
You block the killer bee's attack.
You thump the killer bee!
You kill the killer bee!
The killer bee stings you.
* * * LOW HITPOINT WARNING * * *
You barely miss the killer bee.
The killer bee stings you but does no damage. x2
You closely miss the killer bee.
The killer bee stings you but does no damage.
You block the killer bee's attack.
You sock the killer bee!
The killer bee is severely wounded.
You block the killer bee's attack. x2
You sock the killer bee!
You kill the killer bee!
The killer bee stings you but does no damage.
Unknown command.
You closely miss the killer bee.
Your extra speed is starting to run out.
You block the killer bee's attack. The killer bee completely misses you.
You closely miss the killer bee.
The killer bee stings you but does no damage.
You closely miss the killer bee.
The killer bee stings you but does no damage.
The killer bee stings you.
You die...

#. ........ .##.
#.#.... .....#.#..#
......Z#..#######.#
.......Z..........#
.......#.y..Z###
.......#..##Z#
.......#..##y#
.......#..##♣#
.......#..##.#
.......#..##.#
.......#.†##.#
.....#..##.#
...#..##.#
#.#..##.####
#..<........
.###.##.#######


You could see a killer bee, a bullfrog zombie and a howler monkey skeleton.

Vanquished Creatures
  A kobold brigand (D:4)
  4 killer bees (D:5)
  2 howler monkeys
  A hound (D:4)
  2 hound skeletons
  4 adders
  4 gnolls
  3 worms
  2 dart slugs
  An orc (D:3)
  6 ball pythons
  8 bats
  9 endoplasms
  6 giant cockroaches
  8 goblins
  9 hobgoblins
  3 jackals (D:1)
  3 kobolds
  3 quokkas
  3 frilled lizards
  9 rats
91 creatures vanquished.

Notes
Turn   | Place    | Note
-------+----------+-------------------------------------------
     0 | D:1      | zeram the Gargoyle Fighter began the quest for the Orb.
     0 | D:1      | Reached XP level 1. HP: 14/14 MP: 1/1
    64 | D:1      | Reached XP level 2. HP: 17/19 MP: 2/2
   275 | D:1      | Reached XP level 3. HP: 19/23 MP: 3/3
  1346 | D:2      | Reached XP level 4. HP: 28/28 MP: 4/4
  2766 | D:3      | Found a large runed translucent door.
  2766 | D:3      | Found a large runed translucent door.
  3220 | D:3      | Reached XP level 5. HP: 32/32 MP: 5/5
  3226 | D:3      | Found a sparkling altar of Nemelex Xobeh.
  3238 | D:3      | Found an ornate altar of the Wu Jian Council.
  3264 | D:4      | Noticed a kobold brigand
  3580 | D:4      | Killed a kobold brigand
  3939 | D:4      | Reached XP level 6. HP: 32/37 MP: 6/6
  4206 | D:4      | Reached skill level 1 in Dodging
  4734 | D:5      | Entered Level 5 of the Dungeon
  4740 | D:5      | Reached skill level 5 in Shields
  4773 | D:5      | Reached skill level 5 in Armour
  4864 | D:5      | Reached XP level 7. HP: 8/41 MP: 7/7
  4869 | D:5      | HP: 3/61 [killer bee (5)]
  4870 | D:5      | HP: 1/61 [killer bee (2)]
  4877 | D:5      | Slain by a killer bee

Illustrated notes

Levels and vault maps discovered:
D:1:      dpeg_arrival_tiny_a, layout_basic
D:2:      layout_basic, grunt_decor_clamped
D:3:      layout_basic, jmf_multi_god_temple2
D:4:      layout_rooms, serial_rivers, chequers_serial_rivers_micro_c,
          chequers_serial_rivers_small_3, chequers_serial_rivers_micro_b,
          chequers_serial_rivers_micro_d, portal_sewer_entry_d
D:5:      layout_basic, minmay_temple_entry_poolview

Skill      XL: |  1  2  3  4  5  6 |
---------------+-------------------+-----
Shields        | 4 5 |  5.4
Armour         | 4 5 |  5.3
Maces & Flails | 3 4 |  4.8
Dodging        | 1 |  1.7
Fighting       | |  3.2

Action                   |  1- 3 |  4- 6 |  7- 9 || total
-------------------------+-------+-------+-------++-------
Melee: Flail             |    93 |   267 |    13 ||   373
  Use: Scroll            |     3 |     5 |       ||     8
       Potion            |       |     6 |     1 ||     7
Armor: Scale mail        |    56 |   132 |     1 ||   189
       Skin              |       |       |     8 ||     8
Dodge: Dodged            |    24 |   104 |     3 ||   131
Block: Kite shield       |    65 |   160 |     7 ||   232
